Map: Acropolis LE

Players

Djorn - Winner!

  • Race: Protoss Protoss
  • Spawn Location: 5:00

A.I. 1 (Medium)

  • Race: Zerg Zerg
  • Spawn Location: 11:00

VOD

Have the link to the VOD?

Description

Time

  • Played on: Aug. 23, 2019, 8:53 p.m.
  • Length: 5:06
Show
View Real Time Build Order
Export as new Build Order

Djorn Protoss - Winner!

Build Orders:  

Get SALT Encoding   

  12  0:02  Probe  
  13  0:14  Probe  
  13  0:19  Pylon  
  14  0:27  Probe  
  15  0:37  Probe  
  16  0:45  Probe  
  16  0:48  Gateway  
  17  0:54  Assimilator  
  17  0:55  Probe  
  17  1:01  Assimilator  
  18  1:07  Probe  
  19  1:19  Probe  
  20  1:31  Probe  
  21  1:36  Pylon  
  21  1:43  Probe  
  21  1:44  Pylon  
  22  1:54  Zealot  
  24  1:58  Probe  
  25  2:11  Cybernetics Core  
  25  2:13  Pylon  
  25  2:21  Zealot  
  27  2:27  Gateway x2  
  27  2:38  Gateway  
  27  2:48  Zealot  
  29  2:57  Robotics Facility  
  29  3:06  Shield Battery  
  29  3:08  Shield Battery  
  29  3:13  Shield Battery  
  29  3:23  Adept  
  29  3:25  Adept  
  33  3:31  Adept  
  35  4:16  Immortal  
  39  4:34  Stalker x2  
  39  4:35  Stalker  
Show
View Real Time Build Order
Export as new Build Order

A.I. 1 (Medium) Zerg 

Build Orders: 1 Base Baneling Bust, Pool Only 

Get SALT Encoding   

  12  0:00  Drone  
  13  0:12  Overlord  
  13  0:16  Drone  
  14  0:31  Drone  
  14  0:33  Drone  
  16  0:42  Spawning Pool  
  15  0:45  Drone  
  15  0:49  Drone  
  17  0:52  Extractor  
  17  0:56  Drone  
  17  1:06  Overlord  
  17  1:31  Zergling x2, Queen  
  20  1:36  Roach Warren  
  20  1:38  Drone  
  20  1:42  Extractor  
  19  1:47  Zergling x2  
  19  1:49  Drone  
  21  2:00  Drone  
  22  2:18  Roach  
  22  2:21  Overlord  
  24  2:34  Roach  
  26  2:47  Overlord  
  26  2:49  Roach  
  28  3:05  Drone, Roach  
  31  3:08  Drone  
  31  3:11  Overlord  
  32  3:15  Drone  
  32  3:18  Drone  
  34  3:21  Roach  
  36  3:30  Drone  
  37  3:36  Baneling Nest  
  38  3:41  Drone, Roach  
  38  3:42  Evolution Chamber  
  38  3:44  Drone  
  37  3:57  Zergling x2  
  30  4:12  Zergling x2  
  27  4:20  Zergling x2  
  26  4:29  Queen  
  28  4:32  Zergling x2  
  29  4:39  Zergling x2  
  30  4:46  Zergling x2, Drone  
Tags
 
Add a new tag
Caveats
  • Supply blocks, unpowered buildings, or Contaminate may cause inaccurate times.
  • Supply counts are checked every 10 seconds.